 Dungeon Crawl Stone Soup version 0.30.0-29-ga12c61a403 (webtiles) character file.

Game seed: 12686728243458159911

506 MacCMillion the Summoner (level 7, -3/41 HPs)
             Began as a Tengu Summoner on June 14, 2023.
             Slain by an orc warrior
             ... wielding a +0 scimitar
              (14 damage)
             ... on level 5 of the Dungeon.
             The game lasted 00:11:14 (4956 turns).

MacCMillion the Summoner (Tengu Summoner)           Turns: 4956, Time: 00:11:15

Health: -3/41      AC:  3    Str:  9    XL:     7   Next: 18%
Magic:  1/13       EV: 14    Int: 17    God:
Gold:   219        SH:  0    Dex: 14    Spells: 7/13 levels left

rFire   . . .        h - +0 dagger
rCold   . . .        (no shield)
rNeg    . . .        a - +0 robe
rPois   .            (helmet restricted)
rElec   .            (no cloak)
rCorr   .            i - +0 pair of gloves
SInv    .            (boots unavailable)
Will    .....        (no amulet)
Stlth   ++           (no ring)
HPRegen 0.26/turn    (no ring)
MPRegen 0.13/turn

%: no passive effects
@: flying quickly and evasively, quick
A: beak, talons 3, nimble flight
a: no special abilities


You were on level 5 of the Dungeon.
You visited 1 branch of the dungeon, and saw 5 of its levels.

You collected 219 gold pieces.

Inventory:

Hand Weapons
 g - a +0 short sword
 h - a +0 dagger (weapon)
Armour
 a - a +0 robe (worn)
 i - a +0 pair of gloves (worn)
 A - a +1 hat
Jewellery
 q - a ring of poison resistance
 B - an amulet of magic regeneration
Wands
 p - a wand of flame (8)
Scrolls
 c - a scroll of blinking {unknown}
 e - 5 scrolls of identify {unknown}
 j - 3 scrolls of amnesia {unknown}
 k - 2 scrolls of silence {unknown}
 l - a scroll of fog {unknown}
 n - 3 scrolls of vulnerability {unknown}
 o - 2 scrolls of teleportation {unknown}
 r - a scroll of enchant weapon {unknown}
 s - 2 scrolls of fear {unknown}
 t - a scroll of immolation {unknown}
 x - a scroll of acquirement {unknown}
 y - a scroll of noise {unknown}
Potions
 b - a potion of magic
 d - a potion of attraction {unknown}
 f - 4 potions of flight {unknown}
 m - 3 potions of cancellation {unknown}
 u - 2 potions of curing {unknown}
 v - a potion of heal wounds {unknown}
 w - 2 potions of haste {unknown}
 z - a potion of invisibility {unknown}


   Skills:
 + Level 3.6 Fighting
 - Level 2.1 Dodging
 - Level 2.0 Stealth
 + Level 3.5 Spellcasting
 - Level 8.0 Summonings


You had 7 spell levels left.
You knew the following spells:

 Your Spells              Type           Power      Damage    Failure   Level
a - Summon Small Mammal   Summ           100%       N/A       1%          1
b - Call Imp              Summ           60%        N/A       1%          2
c - Call Canine Familiar  Summ           30%        N/A       1%          3

Your spell library contained the following spells:

 Spells                   Type           Power      Damage    Failure   Level
 Summon Guardian Golem    Hex/Summ       16%        N/A       10%         3
 Kiss of Death            Conj/Necr      12%        2d6       17%         1
 Lesser Beckoning         Tloc           6%         N/A       26%         2
 Summon Lightning Spire   Summ/Air       16%        N/A       32%         4
 Confusing Touch          Hex            3%         N/A       45%         3
 Gell's Gravitas          Tloc           3%         N/A       45%         3
 Portal Projectile        Hex/Tloc       6%         N/A       45%         3
 Teleport Other           Tloc           3%         N/A       45%         3
 Tukima's Dance           Hex            3%         N/A       45%         3
 Dispel Undead            Necr           3%         3d7       86%         4
 Blade Hands              Tmut           1%         N/A       99%         5
 Dispersal                Tloc           1%         N/A       100%        6


Dungeon Overview and Level Annotations

Branches:
Dungeon (5/15)
 Temple: D:4-7

Altars:
Cheibriados
Dithmenos
Hepliaklqana
Makhleb
Nemelex Xobeh
Okawaru
Vehumet
Xom
Zin

Annotations:
D:2 Robin


Innate Abilities, Weirdness & Mutations

You have a beak for a mouth.
You have claws for feet.
Your magical nature lets you fly swiftly and evasively.


Message History

The orc warrior closely misses you.
Your hound closely misses the orc warrior.
You hit the orc warrior but do no damage.
Your kick misses the orc warrior.
You peck the orc warrior, but do no damage.
The orc warrior is heavily wounded.
Your hound closely misses the orc warrior.
The orc warrior hits you with a +0 scimitar.
You barely miss the orc warrior.
The orc warrior is heavily wounded.
Your hound misses the orc warrior. The orc warrior completely misses you.
Your hound bites the orc warrior but does no damage.
Casting: Call Canine Familiar (safe; 1% risk of failure)
Confirm with . or Enter, or press ? or * to list all spells.
A tiny devil pulls itself out of the air.
Your hound bites the orc warrior but does no damage.
The orc warrior hits your hound with a +0 scimitar.
Your hound dies!
Your hound's corpse disappears in a puff of smoke!
The orc warrior shouts!
Casting: Call Imp (safe; 1% risk of failure)
Confirm with . or Enter, or press ? or * to list all spells.
The orc warrior hits you with a +0 scimitar.
Your cerulean imp hits the orc warrior from afar with a -1 spear.
You barely miss the orc warrior. Your kick misses the orc warrior.
The orc warrior is severely wounded.
Your hound bites the orc warrior but does no damage.
The orc warrior hits you with a +0 scimitar!
Your cerulean imp barely misses the orc warrior.
You hit the orc warrior but do no damage.
You claw the orc warrior, but do no damage.
The orc warrior is severely wounded.
Your hound closely misses the orc warrior.
The orc warrior hits you with a +0 scimitar!
* * * LOW HITPOINT WARNING * * *
Your hound barely misses the orc warrior.
Your cerulean imp hits the orc warrior but does no damage.
Your hound closely misses the orc warrior.
The orc warrior hits you with a +0 scimitar!
You die...

# ##### #... ########.#
# .........#####.. ##
#8..8#...##....# #.#
#....##..##.##..###.#
......##....##.#.#.##
#....###...<......5.###
###### #o#####.#@.h...#
......⌠#.##### #.o#.#.#
._.._..#.....# #.<..#
......⌠#o....# #.#..#
.......#.....# #.#..#
#######+.....# ..../..
........o....######.###
#..##.#.###### >#
##>##.#.# .#


You could see an orc warrior (ally target), a friendly hound (summoned) and a
friendly cerulean imp (summoned).

Vanquished Creatures
  An adder (D:2)
  A worm (D:2)
  6 orcs
  A ball python (D:2)
  4 bats
  An endoplasm (D:4)
  2 giant cockroaches
  3 goblins (D:2)
  2 hobgoblins
  A quokka (D:2)
  A frilled lizard (D:1)
23 creatures vanquished.

Vanquished Creatures (collateral kills)
  A black bear (D:4)
  4 jellies
  A hound (D:5)
  An iguana (D:5)
  3 orc wizards
  3 adders
  A gnoll (D:3)
  An ufetubus (D:5)
  2 dart slugs
  14 orcs
  6 ball pythons
  3 endoplasms (D:1)
  A giant cockroach (D:3)
  7 goblins
  5 hobgoblins
  2 quokkas
  2 bats
  2 frilled lizards (D:2)
  5 kobolds
  4 rats
68 creatures vanquished.

Grand Total: 91 creatures vanquished

Notes
Turn   | Place    | Note
-------+----------+-------------------------------------------
     0 | D:1      | MacCMillion the Tengu Summoner began the quest for the Orb.
     0 | D:1      | Reached XP level 1. HP: 10/10 MP: 4/4
   293 | D:1      | Reached skill level 5 in Summonings
   426 | D:1      | Reached XP level 2. HP: 15/15 MP: 3/6
  1256 | D:2      | Reached XP level 3. HP: 19/19 MP: 4/7
  1695 | D:2      | Noticed Robin
  1765 | D:2      | Reached XP level 4. HP: 21/24 MP: 6/9
  1778 | D:2      | Learned a level 2 spell: Call Imp
  1782 | D:2      | Learned a level 3 spell: Call Canine Familiar
  1815 | D:2      | Reached skill level 6 in Summonings
  1888 | D:2      | Found a shimmering altar of Xom.
  2040 | D:2      | Found a faded altar of an unknown god.
  2669 | D:3      | Gained mutation: Your magical nature lets you fly swiftly
                  | and evasively. [Tengu growth]
  2669 | D:3      | Reached XP level 5. HP: 26/28 MP: 6/10
  3063 | D:3      | Found an iron altar of Okawaru.
  3063 | D:3      | Found a glowing silver altar of Zin.
  3181 | D:4      | Noticed a black bear
  3200 | D:4      | Killed a black bear
  3201 | D:4      | Reached skill level 7 in Summonings
  3201 | D:4      | Reached skill level 1 in Fighting
  3201 | D:4      | Reached XP level 6. HP: 5/35 MP: 2/11
  3950 | D:4      | Found a radiant altar of Vehumet.
  3950 | D:4      | Found a shadowy altar of Dithmenos.
  3998 | D:4      | Found a faded altar of an unknown god.
  4000 | D:4      | Found a sparkling altar of Nemelex Xobeh.
  4002 | D:4      | Found a burning altar of Makhleb.
  4087 | D:5      | Entered Level 5 of the Dungeon
  4348 | D:5      | Reached skill level 8 in Summonings
  4611 | D:5      | Found a hazy altar of Hepliaklqana.
  4684 | D:5      | Found a snail-covered altar of Cheibriados.
  4690 | D:5      | Reached XP level 7. HP: 41/41 MP: 11/13
  4956 | D:5      | Slain by an orc warrior

Illustrated notes

Levels and vault maps discovered:
D:1:      dpeg_arrival_shelter, layout_basic, kennysheep_another_room,
          dreamdust_princess_corridor
D:2:      layout_loops_corners, basic_ecumenical_altar, basic_altar,
          serial_bayou, serial_bayou_pond_d, serial_bayou_pond_b,
          serial_bayou_lagoon_a, serial_bayou_crossing, uniq_robin
D:3:      layout_basic, mainiacjoe_overflow_divided_tiny, st_stairs_11,
          minmay_misc_feat_secret_circle
D:4:      layout_loops_ring, chequers_temple_overflow_minitemple
D:5:      layout_loops_cross, jmf_multi_god_temple,
          minmay_temple_entry_steel_oval

Skill      XL: |  1  2  3  4  5  6 |
---------------+-------------------+-----
Summonings     | 5 6 7 8 |  8.0
Spellcasting   | 3 |  3.5
Fighting       | 1 3 |  3.6
Dodging        | |  2.1
Stealth        | |  2.0

Action                     |  1- 3 |  4- 6 |  7- 9 || total
---------------------------+-------+-------+-------++-------
  Melee: Unarmed           |     3 |       |       ||     3
         Kick              |    13 |    12 |     5 ||    30
         Dagger            |    47 |    39 |    19 ||   105
         Peck              |     9 |     4 |     5 ||    18
   Cast: Summon Small Mamm |    52 |    14 |       ||    66
         Call Canine Famil |       |    21 |     4 ||    25
         Call Imp          |       |    19 |     3 ||    22
   Stab: Sleeping          |       |     2 |       ||     2
 Armour: Robe              |    12 |     8 |     2 ||    22
  Dodge: Dodged            |    36 |    29 |    14 ||    79
